 Dungeon Crawl Stone Soup version 0.23-a0-644-gb60d84b (webtiles) character file.

230 Lanoc the Fighter (level 6, -7/57 HPs)
             Began as a Gnoll Wanderer on Jan 1, 2019.
             Mangled by a gnoll
             ... wielding a +0 spear
              (9 damage)
             ... on level 4 of the Dungeon.
             The game lasted 00:05:50 (2205 turns).

Lanoc the Fighter (Gnoll Wanderer)                  Turns: 2205, Time: 00:05:51

Health: -7/57      AC:  2    Str: 16    XL:     6   Next: 3%
Magic:  13/13      EV: 12    Int: 15    God:
Gold:   210        SH:  2    Dex: 14    Spells: 11/15 levels left

rFire    . . .     SeeInvis .   s - +2 falchion (freeze)
rCold    . . .     Gourm    .   (no shield)
rNeg     . . .     Faith    .   e - +0 robe
rPois    .         Spirit   .   (no helmet)
rElec    .         Reflect  +   (no cloak)
rCorr    .         Harm     .   (no gloves)
MR       .....     Rnd*Tele +   (no boots)
Stlth    ++........             j - +2 amulet of reflection
HPRegen  0.19/turn              m - ring of teleportation
MPRegen  0.13/turn              (no ring)

@: flying
A: distributed training, fangs 1, strong nose
a: no special abilities


You were on level 4 of the Dungeon.
You were hungry.

You visited 1 branch of the dungeon, and saw 4 of its levels.

You collected 210 gold pieces.

Inventory:

Hand Weapons
 b - a +0 shortbow
 s - a +2 falchion of freezing (weapon)
Missiles
 c - 89 arrows
 q - 20 sling bullets
Armour
 e - a +0 robe (worn)
Magical Staves
 r - an uncursed staff of fire
Jewellery
 j - a +2 amulet of reflection (around neck)
 m - a ring of teleportation (left hand)
Wands
 a - a wand of iceblast (9)
 t - a wand of acid (8)
Scrolls
 l - a scroll of amnesia
 n - a scroll of remove curse
Potions
 d - a potion of brilliance
 o - a potion of flight
Comestibles
 f - 13 rations


   Skills:
 + Level 8.7 Fighting
 + Level 1.7 Short Blades
 + Level 1.7 Long Blades
 + Level 1.7 Axes
 + Level 3.1 Maces & Flails
 + Level 1.7 Polearms
 + Level 1.7 Staves
 + Level 1.7 Slings
 + Level 1.7 Bows
 + Level 1.7 Crossbows
 + Level 3.1 Throwing
 + Level 1.7 Armour
 + Level 1.7 Dodging
 + Level 2.9 Stealth
 + Level 1.7 Shields
 + Level 1.7 Unarmed Combat
 + Level 5.2 Spellcasting
 + Level 1.3 Conjurations
 + Level 1.3 Hexes
 + Level 1.3 Charms
 + Level 1.3 Summonings
 + Level 1.3 Necromancy
 + Level 2.5 Translocations
 + Level 1.3 Transmutations
 + Level 1.3 Fire Magic
 + Level 1.3 Ice Magic
 + Level 1.3 Air Magic
 + Level 1.3 Earth Magic
 + Level 1.3 Poison Magic
 + Level 1.9 Invocations
 + Level 1.7 Evocations


You had 11 spell levels left.
You knew the following spells:

 Your Spells              Type           Power        Failure   Level  Hunger
b - Blink                 Tloc           N/A          9%          2    ##.....
c - Ensorcelled Hibernat  Hex/Ice        #.....       14%         2    ##.....

Your spell library contained the following spells:

 Spells                   Type           Power        Failure   Level  Hunger
 Corona                   Hex            #......      9%          1    None
 Magic Dart               Conj           #...         9%          1    None
 Call Imp                 Summ           #.......     14%         2    ##.....
 Slow                     Hex            #.......     14%         2    ##.....
 Confuse                  Hex            #.......     26%         3    ###....
 Conjure Flame            Conj/Fire      #.......     26%         3    ###....
 Dazzling Spray           Conj/Hex       #.....       26%         3    ###....
 Mephitic Cloud           Conj/Pois/Air  #.......     26%         3    ###....
 Tukima's Dance           Hex            #.......     26%         3    ###....


Dungeon Overview and Level Annotations

Branches:
Dungeon (4/15)
 Temple: D:4-7

Altars:

Annotations:
D:3 1 runed door, Borgoz's ghost, amateur HOAK


Innate Abilities, Weirdness & Mutations

Your experience applies equally to all skills.
You have very sharp teeth.
Your uncanny sense of smell can sniff out nearby items.


Message History

The gnoll shaman is severely wounded.
You feel better.
You are feeling hungry.
The gnoll hits you but does no damage.
The gnoll hits you from afar with a +0 spear!
* * * LOW HITPOINT WARNING * * *
The gnoll shaman closely misses you.
You feel better.
The gnoll hits you from afar with a +0 spear!
* * * LOW HITPOINT WARNING * * *
The gnoll shaman hits you with a +0 club.
* * * LOW HITPOINT WARNING * * *
Okay, then.
It was a potion of flight.
You feel very buoyant.
You fly up into the air.
The gnoll closely misses you. x2
The gnoll shaman closely misses you.
It was a potion of magic.
Magic courses through your body.
The gnoll hits you from afar with a +0 spear!
You die...

########+## #......####.....
#.........######......##.......
#.....................##....)##
+....†.....#########'###.g...#
#..........# #........##.....#
##'#######.# #........#<.....#
#.# #..##..............##
####.########.######W.........#
................@ggg.............
####.###........####..........##.
#.# .......# ###+######.# #.#
.......# ... #.# ....... .### #.#
....... #.# ....... #.# .......
#<#


You could see a phantom, a gnoll shaman and 2 gnolls.

Vanquished Creatures
  A water moccasin zombie (D:3)
  Natasha (D:3)
  3 gnolls (D:4)
  5 adders
  An ooze (D:1)
  2 worms (D:2)
  A dart slug (D:2)
  A leopard gecko (D:3)
  2 orcs (D:3)
  5 giant cockroaches
  8 goblins
  5 hobgoblins
  3 jackals (D:2)
  6 kobolds
  2 quokkas
  2 ball pythons
  6 bats
  A frilled lizard (D:2)
  10 rats
65 creatures vanquished.

Notes
Turn   | Place    | Note
-------+----------+-------------------------------------------
     0 | D:1      | Lanoc the Gnoll Wanderer began the quest for the Orb.
     0 | D:1      | Lanoc set off with the following items: a +0 shortbow, 24
                  | arrows, a +0 mace, a +0 robe, a ration; and the following
                  | spell memorised: Magic Dart; and the following spells
                  | available to memorise: Blink, Call Imp, Slow, Conjure
                  | Flame, Mephitic Cloud
     0 | D:1      | Reached XP level 1. HP: 26/26 MP: 6/6
   213 | D:1      | Reached XP level 2. HP: 14/33 MP: 7/7
   235 | D:1      | Learned a level 2 spell: Blink
   645 | D:1      | Reached XP level 3. HP: 37/38 MP: 9/9
   653 | D:1      | Reached skill level 5 in Spellcasting
   756 | D:2      | Reached skill level 1 in Invocations
   926 | D:2      | Reached skill level 1 in Short Blades
   926 | D:2      | Reached skill level 1 in Long Blades
   926 | D:2      | Reached skill level 1 in Axes
   926 | D:2      | Reached skill level 1 in Polearms
   926 | D:2      | Reached skill level 1 in Staves
   926 | D:2      | Reached skill level 1 in Slings
   926 | D:2      | Reached skill level 1 in Bows
   926 | D:2      | Reached skill level 1 in Crossbows
   926 | D:2      | Reached skill level 1 in Armour
   926 | D:2      | Reached skill level 1 in Dodging
   926 | D:2      | Reached skill level 1 in Shields
   926 | D:2      | Reached skill level 1 in Unarmed Combat
   926 | D:2      | Reached skill level 1 in Evocations
   926 | D:2      | Reached XP level 4. HP: 38/45 MP: 11/11
  1297 | D:2      | Reached skill level 1 in Conjurations
  1297 | D:2      | Reached skill level 1 in Hexes
  1297 | D:2      | Reached skill level 1 in Charms
  1297 | D:2      | Reached skill level 1 in Summonings
  1297 | D:2      | Reached skill level 1 in Necromancy
  1297 | D:2      | Reached skill level 1 in Transmutations
  1297 | D:2      | Reached skill level 1 in Fire Magic
  1297 | D:2      | Reached skill level 1 in Ice Magic
  1297 | D:2      | Reached skill level 1 in Air Magic
  1297 | D:2      | Reached skill level 1 in Earth Magic
  1297 | D:2      | Reached skill level 1 in Poison Magic
  1453 | D:3      | Found a runed door.
  1462 | D:3      | Noticed Borgoz's ghost (amateur HOAK)
  1525 | D:3      | Noticed Natasha
  1533 | D:3      | Killed Natasha
  1533 | D:3      | Reached XP level 5. HP: 32/51 MP: 12/12
  1604 | D:3      | Learned a level 2 spell: Ensorcelled Hibernation
  2171 | D:4      | Noticed a phantom
  2198 | D:4      | Reached XP level 6. HP: 38/57 MP: 13/13
  2203 | D:4      | HP: 2/57 [gnoll shaman/+0 club (6)]
  2205 | D:4      | Mangled by a gnoll

Vault maps used:
D:1:      moated_graveyard_arrival
D:2:      first_ration
D:3:      gammafunk_ghost_grave, solitary_fountain, grunt_decor_one_mirror,
          uniq_natasha
D:4:      minmay_temple_entry_overgrown

Skill      XL: |  1  2  3  4  5 |
---------------+----------------+-----
Translocations | 2 |  2.5
Spellcasting   | 5 |  5.2
Invocations    | 1 |  1.9
Short Blades   | 1 |  1.7
Long Blades    | 1 |  1.7
Axes           | 1 |  1.7
Polearms       | 1 |  1.7
Staves         | 1 |  1.7
Slings         | 1 |  1.7
Bows           | 1 |  1.7
Crossbows      | 1 |  1.7
Armour         | 1 |  1.7
Dodging        | 1 |  1.7
Shields        | 1 |  1.7
Unarmed Combat | 1 |  1.7
Evocations     | 1 |  1.7
Conjurations   | 1 |  1.3
Hexes          | 1 |  1.3
Charms         | 1 |  1.3
Summonings     | 1 |  1.3
Necromancy     | 1 |  1.3
Transmutations | 1 |  1.3
Fire Magic     | 1 |  1.3
Ice Magic      | 1 |  1.3
Air Magic      | 1 |  1.3
Earth Magic    | 1 |  1.3
Poison Magic   | 1 |  1.3
Maces & Flails | 3 |  3.1
Throwing       | 3 |  3.1
Fighting       | |  8.7
Stealth        | |  2.9

Action                   |  1- 3 |  4- 6 || total
-------------------------+-------+-------++-------
Melee: Mace              |   102 |    41 ||   143
       Bite              |    12 |    10 ||    22
       Dagger            |       |    13 ||    13
       Falchion          |       |    50 ||    50
       Punch             |       |     1 ||     1
  Use: Scroll            |       |     6 ||     6
       Potion            |       |     5 ||     5
 Stab: Sleeping          |     4 |     3 ||     7
  Eat: Chunk             |       |     4 ||     4
Armor: Robe              |    25 |     8 ||    33
Dodge: Dodged            |    75 |    85 ||   160
Block: Other             |     6 |     3 ||     9
       Reflection        |       |     1 ||     1
       Rpst.: Falchion   |       |    13 ||    13

Table legend:
 A = Non-vault XP
 B = Vault XP
 C = Vault XP percentage of total XP
 D = Non-vault monster count
 E = Vault monster count
 F = Vault count percentage of total count
                 A         B        C        D         E       F
            +---------+---------+-------+---------+---------+-------
      Total |     293 |      36 |  10.9 |      64 |       1 |   1.5
            +---------+---------+-------+---------+---------+-------
        D:1 |      43 |       0 |   0.0 |      23 |       0 |   0.0
        D:2 |      90 |       0 |   0.0 |      22 |       0 |   0.0
        D:3 |     114 |      36 |  24.0 |      14 |       1 |   6.7
        D:4 |      46 |       0 |   0.0 |       5 |       0 |   0.0
            +---------+---------+-------+---------+---------+-------
